 Dungeon Crawl Stone Soup version 0.19.1-1-g22dce08 (webtiles) character file.

13988 Mefis the Thaumaturge (level 11, -3/62 HPs)
             Began as a Deep Elf Wizard on Jan 1, 2017.
             Was a High Priest of Sif Muna.
             Slain by a black mamba (4 damage)
             ... on level 2 of the Lair of Beasts.
             The game lasted 01:07:54 (19170 turns).

Mefis the Thaumaturge (Deep Elf Wizard)            Turns: 19170, Time: 01:07:55

Health: -3/62      AC: 11    Str: 10    XL:     11   Next: 82%
Magic:  13/29      EV: 16    Int: 27    God:    Sif Muna [*****.]
Gold:   667        SH:  0    Dex: 13    Spells: 11 memorised, 0 levels left

rFire  . . .     SeeInvis +     a - +7 whip of Plog {freeze, *Contam Str+2 SInv}
rCold  . . .     Gourm    .     K - +5 robe of Night {Dark MR+ SInv}
rNeg   . . .     Faith    .     (no shield)
rPois  .         Spirit   .     M - +0 hat
rElec  .         Reflect  .     I - +1 cloak
rCorr  .         Harm     .     O - +0 pair of gloves
MR     ++...                    G - +0 pair of boots
Stlth  +++.......               (no amulet)
                                h - +1 ring of slaying
                                f - +4 ring of strength

@: lethally poisoned (-3 -> -45), hasted, repel missiles, very quick
A: no striking features
a: Divine Energy, Channel Magic, Forget Spell, Renounce Religion


You were on level 2 of the Lair of Beasts.
You worshipped Sif Muna.
Sif Muna was extremely pleased with you.
You were hungry.

You visited 3 branches of the dungeon, and saw 14 of its levels.
You also visited: Ossuary.

You collected 667 gold pieces.

Inventory:

Hand Weapons
 a - the +7 whip of Plog (weapon) {freeze, *Contam Str+2 SInv}
   (You found it on level 1 of the Lair of Beasts)

   It has been specially enchanted to freeze those struck by it, causing extra
   injury to most foes and up to half again as much damage against particularly
   susceptible opponents.
   It can also slow down cold-blooded creatures.
   It affects your strength (+2).
   It lets you see invisible.
   It causes magical contamination when unequipped.
 k - a +2 dagger of draining
 L - a +0 blowgun
Missiles
 Z - 7 curare-tipped needles
Armour
 E - a +0 buckler
 G - a +0 pair of boots (worn)
 I - a +1 cloak (worn)
 K - the +5 robe of Night (worn) {Dark MR+ SInv}
   (You found it on level 4 of the Dungeon)

   It affects your resistance to hostile enchantments.
   It lets you see invisible.
 M - a +0 hat (worn)
 O - a +0 pair of gloves (worn)
Rods
 b - a +9 lightning rod (17/17)
   (You took it off an orc on level 6 of the Dungeon)
Jewellery
 f - a +4 ring of strength (left hand)
 h - a +1 ring of slaying (right hand)
 l - a cursed amulet of inaccuracy {unknown}
Wands
 g - a wand of disintegration (13/24)
 r - a wand of disintegration (5/24)
 N - a wand of polymorph (16/24)
 U - a wand of iceblast (8/15)
 V - a wand of enslavement (11/24)
Scrolls
 e - 5 scrolls of magic mapping
 t - 7 scrolls of remove curse
 y - 4 scrolls of noise
 C - 3 scrolls of blinking
 D - 3 scrolls of random uselessness
 F - 7 scrolls of enchant armour
 H - 3 scrolls of teleportation
Potions
 i - 5 potions of brilliance
 z - a potion of haste
 B - 3 potions of might
Books
 c - a book of Minor Magic

   Spells                             Type                      Level
   a - Magic Dart                     Conjuration                  1
   b - Blink                          Translocation                2
   c - Call Imp                       Summoning                    2
   d - Repel Missiles                 Charms/Air                   2
   e - Slow                           Hexes                        2
   f - Conjure Flame                  Conjuration/Fire             3
   g - Mephitic Cloud                 Conjuration/Poison/Air       3
 m - a book of Enchantments

   Spells                             Type                      Level
   a - Cause Fear                     Hexes                        4
   b - Yara's Violent Unravelling     Hexes/Transmutation          5
   c - Silence                        Hexes/Air                    5
   d - Deflect Missiles               Charms/Air                   6
   e - Discord                        Hexes                        8
 v - a book of Transfigurations

   Spells                             Type                      Level
   a - Irradiate                      Conjuration/Transmutation    5
   b - Statue Form                    Transmutation/Earth          6
   c - Hydra Form                     Transmutation                6
   d - Dragon Form                    Transmutation                7
 W - a book of Changes

   Spells                             Type                      Level
   a - Beastly Appendage              Transmutation                1
   b - Sticks to Snakes               Transmutation                2
   c - Spider Form                    Transmutation/Poison         3
   d - Ice Form                       Ice/Transmutation            4
   e - Blade Hands                    Transmutation                5
Miscellaneous
 j - a fan of gales
Comestibles
 d - 8 bread rations
 o - 8 beef jerkies
 p - 29 fruits
 s - 5 meat rations
 w - 8 slices of pizza


   Skills:
 + Level 4.8 Fighting
 + Level 7.7 Dodging
 - Level 6.8 Stealth
 + Level 4.2 Shields
 * Level 12.1 Spellcasting
 + Level 6.6 Conjurations
 + Level 4.4 Hexes
 + Level 2.8 Charms
 - Level 1.2 Summonings
 - Level 1.1 Translocations
 + Level 4.5 Transmutations
 - Level 2.1 Ice Magic
 + Level 3.1 Air Magic
 + Level 3.6 Earth Magic
 - Level 4.3 Poison Magic
 + Level 4.8 Invocations
 + Level 5.5 Evocations


You couldn't memorise any spells.
You knew the following spells:

 Your Spells              Type           Power        Failure   Level  Hunger
a - Magic Dart            Conj           ####         1%          1    None
b - Call Imp              Summ           ###.....     3%          2    None
c - Blink                 Tloc           N/A          3%          2    None
d - Repel Missiles        Chrm/Air       ####..       1%          2    None
e - Mephitic Cloud        Conj/Pois/Air  #####...     1%          3    None
f - Conjure Flame         Conj/Fire      ####....     2%          3    None
g - Slow                  Hex            #####...     1%          2    None
h - Cause Fear            Hex            #####.....   8%          4    None
o - Statue Form           Tmut/Erth      #####....    89%         6    #####..
p - Ice Form              Ice/Tmut       ####....     12%         4    None
q - Irradiate             Conj/Tmut      #####.....   12%         5    ###....


Dungeon Overview and Level Annotations

Branches:
Dungeon (11/15)            Temple (1/1) D:5            Lair (2/6) D:9
    Orc (0/2) D:9
  Swamp: Lair:2-4    Shoals: Lair:2-4     Snake: Lair:2-4    Spider: Lair:2-4

Altars:
Ashenzari
Cheibriados
Dithmenos
Elyvilon
Fedhas
Gozag
Hepliaklqana
Kikubaaqudgha
Makhleb
Nemelex Xobeh
Okawaru
Qazlal
Ru
Sif Muna
Trog
Uskayaw
Vehumet
Xom
Yredelemnul
Zin
The Shining One


Message History

The black mamba is moderately wounded.
You feel very sick. The black mamba closely misses you.
You hit the black mamba. You freeze the black mamba.
The black mamba is moderately wounded.
You feel sick.
The black mamba bites you but does no damage.
You barely miss the black mamba.
The black mamba is moderately wounded.
You feel very sick.
The black mamba bites you but does no damage.
The black mamba bites you!!
* * * LOW HITPOINT WARNING * * *
You are more poisoned.
The black mamba poisons you!
You feel yourself speed up.
* * * LOW HITPOINT WARNING * * *
You feel very sick. The black mamba bites you.
You die...

........#
........
#.....##
.#.....P#
........##
#[..@...#
......S....
...........
...........
...........
###........


You could see a black mamba.

Vanquished Creatures
  A hydra (Lair:1)
  Sonja (D:11)
  An unseen horror (D:10)
  A gargoyle (D:11)
  A komodo dragon (D:9)
  A hornet (D:11)
  4 trolls
  3 meliai (D:11)
  4 blink frogs
  2 hippogriffs
  2 wyverns
  A human (D:9)
  A vampire (D:10)
  5 yaks (D:9)
  2 hungry ghosts
  A steam dragon (D:8)
  2 porcupines (Lair:1)
  6 ice beasts
  2 sky beasts
  A black bear (D:9)
  10 orc warriors
  A necrophage (D:6)
  5 ogres
  10 centaurs
  A crocodile (Lair:1)
  A big kobold (D:9)
  7 bullfrogs
  An elf skeleton (D:8)
  4 scorpions
  7 killer bees
  4 wights
  4 howler monkeys
  5 crimson imps
  3 bullfrog zombies
  2 centaur zombies (Ossuary)
  4 human zombies (Ossuary)
  6 hounds
  6 jellies
  A gnoll shaman (D:9)
  11 orc priests
  2 bullfrog skeletons (D:8)
  2 centaur skeletons
  3 human skeletons (D:8)
  3 iguanas
  14 orc wizards
  5 worker ants
  2 big kobold zombies (Ossuary)
  2 hound zombies (Ossuary)
  3 hound skeletons
  3 mummies (Ossuary)
  A howler monkey zombie (D:5)
  A howler monkey skeleton (D:5)
  A worker ant zombie (D:11)
  13 adders
  4 shadow imps
  An ooze (D:2)
  4 adder zombies (Ossuary)
  A dart slug (D:2)
  A worm (D:2)
  6 leopard geckos
  58 orcs
  5 bats
  5 giant cockroaches
  A gnoll zombie (Ossuary)
  8 goblins
  10 hobgoblins
  24 jackals
  7 quokkas
  2 ball pythons
  3 frilled lizards
  3 goblin zombies (Ossuary)
  3 hobgoblin zombies (Ossuary)
  A jackal skeleton (D:8)
  2 jackal zombies (Ossuary)
  13 kobolds
  A kobold zombie (Ossuary)
  A leopard gecko skeleton (D:6)
  2 orc skeletons (D:8)
  2 orc zombies (Ossuary)
  7 quokka zombies (Ossuary)
  5 rats
  4 rat zombies (Ossuary)
  A spectral orc (D:3)
  A butterfly (Lair:1)
376 creatures vanquished.

Vanquished Creatures (collateral kills)
  A hungry ghost (D:8)
  A howler monkey (D:10)
  A crimson imp (D:4)
  A bullfrog zombie (D:8)
  2 hounds (D:4)
  An adder (D:3)
  A worm (D:3)
  3 orcs
  A goblin (D:2)
  A hobgoblin (D:3)
  2 jackals
15 creatures vanquished.

Vanquished Creatures (others)
  A hound (D:6)
  2 plants (D:9)
3 creatures vanquished.

Grand Total: 394 creatures vanquished

Notes
Turn   | Place    | Note
-------+----------+-------------------------------------------
     0 | D:1      | Mefis the Deep Elf Wizard began the quest for the Orb.
     0 | D:1      | Reached XP level 1. HP: 10/10 MP: 7/7
    26 | D:1      | You fall through a shaft!
   250 | D:1      | Reached XP level 2. HP: 9/15 MP: 1/9
   263 | D:1      | Learned a level 2 spell: Call Imp
   266 | D:1      | Learned a level 2 spell: Blink
   269 | D:1      | Learned a level 2 spell: Repel Missiles
  1034 | D:1      | Reached XP level 3. HP: 14/20 MP: 0/11
  1110 | D:1      | Reached skill level 5 in Spellcasting
  1768 | D:2      | Found a deep blue altar of Sif Muna.
  1771 | D:2      | Became a worshipper of Sif Muna the Loreminder
  1776 | D:2      | Learned a level 3 spell: Mephitic Cloud
  1856 | D:2      | Reached skill level 1 in Fighting
  1856 | D:2      | Reached XP level 4. HP: 25/25 MP: 8/13
  1861 | D:2      | Learned a level 3 spell: Conjure Flame
  2536 | D:3      | Noticed a centaur
  3323 | D:3      | Reached skill level 1 in Poison Magic
  3448 | D:3      | Found a hazy altar of Hepliaklqana.
  3526 | D:3      | Found a white marble altar of Elyvilon.
  3631 | D:3      | Reached XP level 5. HP: 29/29 MP: 11/15
  3635 | D:3      | Learned a level 2 spell: Slow
  3765 | D:3      | Killed a centaur
  3765 | D:3      | Reached * piety under Sif Muna
  3765 | D:3      | Reached skill level 6 in Spellcasting
  4135 | D:3      | Found a faded altar of an unknown god.
  4272 | D:3      | Reached skill level 1 in Hexes
  4366 | D:3      | Found a basalt altar of Yredelemnul.
  4620 | D:4      | Reached XP level 6. HP: 8/34 MP: 9/17
  5091 | D:4      | Found a glowing golden altar of the Shining One.
  5131 | D:4      | Found an opulent altar of Gozag.
  5295 | D:4      | Reached skill level 1 in Air Magic
  5561 | D:5      | Entered Level 5 of the Dungeon
  5729 | D:5      | Noticed an ice beast
  5759 | D:5      | Killed an ice beast
  5759 | D:5      | Reached skill level 1 in Shields
  5759 | D:5      | Reached XP level 7. HP: 13/39 MP: 0/19
  6065 | D:5      | Found a sacrificial altar of Ru.
  6157 | D:5      | Reached skill level 7 in Spellcasting
  6162 | D:5      | Found a staircase to the Ecumenical Temple.
  6169 | Temple   | Entered the Ecumenical Temple
  6660 | D:5      | You fall through a shaft!
  7530 | Temple   | Reached XP level 8. HP: 29/45 MP: 7/21
  7702 | D:5      | Reached ** piety under Sif Muna
  8057 | D:5      | Found a snail-covered altar of Cheibriados.
  8057 | D:5      | Found a hide-covered altar of Uskayaw.
  8243 | D:6      | Found a shattered altar of Ashenzari.
  8596 | D:6      | Reached skill level 5 in Stealth
  8605 | D:6      | Reached skill level 1 in Invocations
  8816 | D:6      | Reached skill level 8 in Spellcasting
  8955 | D:6      | Reached skill level 1 in Evocations
  9065 | D:6      | Reached skill level 5 in Dodging
  9159 | D:6      | Reached XP level 9. HP: 49/50 MP: 13/23
  9245 | D:6      | Found an ancient bone altar of Kikubaaqudgha.
  9343 | D:7      | Found a bloodstained altar of Trog.
  9355 | D:7      | Found a shattered altar of Ashenzari.
  9617 | D:7      | Reached skill level 1 in Charms
 10096 | D:7      | Reached *** piety under Sif Muna
 10537 | D:8      | Found a sand-covered staircase.
 10599 | Ossuary  | Entered an ossuary
 10644 | Ossuary  | Learned a level 5 spell: Irradiate
 11141 | Ossuary  | Reached skill level 9 in Spellcasting
 12098 | D:8      | Reached skill level 1 in Transmutations
 12328 | D:8      | Reached XP level 10. HP: 53/56 MP: 21/25
 12528 | D:8      | Reached skill level 5 in Conjurations
 12569 | D:8      | Reached **** piety under Sif Muna
 13479 | D:8      | Reached skill level 10 in Spellcasting
 13719 | D:9      | Learned a level 6 spell: Statue Form
 14337 | D:9      | Found a staircase to the Orcish Mines.
 14511 | D:9      | Reached skill level 1 in Earth Magic
 14612 | D:9      | HP: 1/56 [komodo dragon (26)]
 14921 | D:9      | Found a staircase to the Lair.
 15318 | D:9      | Reached skill level 11 in Spellcasting
 15628 | Lair:1   | Entered Level 1 of the Lair of Beasts
 15642 | Lair:1   | Noticed a seven-headed hydra
 15972 | D:10     | Entered Level 10 of the Dungeon
 16064 | D:10     | Reached XP level 11. HP: 57/61 MP: 21/28
 16096 | D:10     | Noticed an unseen horror
 16150 | D:10     | Killed an unseen horror
 16510 | D:10     | Reached ***** piety under Sif Muna
 17384 | D:10     | Received a gift from Sif Muna
 17391 | D:10     | Learned a level 4 spell: Ice Form
 17899 | D:11     | Reached skill level 5 in Evocations
 17902 | D:11     | Reached skill level 1 in Ice Magic
 18510 | D:11     | Noticed Sonja
 18516 | D:11     | Killed Sonja
 18906 | Lair:1   | Killed a seven-headed hydra
 18906 | Lair:1   | Reached skill level 12 in Spellcasting
 19027 | Lair:1   | Got a crystal whip
 19028 | Lair:1   | Identified the +7 whip of Plog {freeze, *Contam Str+2 SInv} (You found it on level 1 of the Lair of Beasts)
 19138 | Lair:1   | Learned a level 4 spell: Cause Fear
 19139 | Lair:1   | Noticed a four-headed hydra
 19170 | Lair:2   | HP: 1/62 [poisoned by a black mamba]
 19170 | Lair:2   | Slain by a black mamba

Skill      XL: |  1  2  3  4  5  6  7  8  9 10 11 |
---------------+----------------------------------+-----
Spellcasting   | 5 6 7 8 9 11 12 | 12.1
Stealth        | 3 4 5 6 |  6.8
Fighting       | 1 2 3 4 |  4.8
Conjurations   | 2 3 4 5 6 |  6.6
Dodging        | 3 4 5 6 7 |  7.7
Poison Magic   | 1 2 3 4 |  4.3
Hexes          | 1 2 3 4 |  4.4
Air Magic      | 1 2 3 |  3.1
Shields        | 1 2 3 4 |  4.2
Invocations    | 1 2 3 4 |  4.8
Evocations     | 1 3 4 5 |  5.5
Charms         | 2 |  2.8
Transmutations | 1 3 4 |  4.5
Earth Magic    | 2 3 |  3.6
Ice Magic      | 2 |  2.1
Summonings     | |  1.2
Translocations | |  1.1

Action                   |  1- 3 |  4- 6 |  7- 9 | 10-12 || total
-------------------------+-------+-------+-------+-------++-------
Melee: Short sword       |    25 |    18 |    32 |       ||    75
       Dagger            |       |       |    63 |   159 ||   222
       Whip              |       |       |       |     6 ||     6
 Fire: Blowgun           |       |       |       |     6 ||     6
 Cast: Magic Dart        |   114 |   160 |   539 |   378 ||  1191
       Repel Missiles    |     1 |     1 |       |       ||     2
       Mephitic Cloud    |       |     8 |    29 |    50 ||    87
       Call Imp          |       |     8 |     2 |    11 ||    21
       Blink             |       |     2 |    10 |    20 ||    32
       Conjure Flame     |       |     2 |    22 |    30 ||    54
       Slow              |       |       |       |     8 ||     8
       Cause Fear        |       |       |       |     1 ||     1
Evoke: Rod               |       |       |     4 |    45 ||    49
       Wand              |       |       |       |     9 ||     9
  Use: Scroll            |       |       |    14 |     2 ||    16
       Potion            |       |       |       |     1 ||     1
 Stab: Sleeping          |     1 |       |     7 |     6 ||    14
       Confused          |       |       |     5 |     8 ||    13
  Eat: Chunk             |     2 |    12 |    16 |    23 ||    53
       Meat ration       |       |       |     1 |       ||     1
Armor: Robe              |     5 |    11 |    75 |    76 ||   167
Dodge: Dodged            |    50 |    56 |   178 |   220 ||   504
       Deflected         |       |     2 |     3 |     2 ||     7
